Map: Defender's Landing LE

Players

Rote

  • Race: Terran Terran
  • Spawn Location: 7:00

SouLeer (souL) - Winner!

  • Race: Zerg Zerg
  • Spawn Location: 1:00

Event: WCS Valencia 2017

VOD

Have the link to the VOD?

Description

Time

  • Played on: July 13, 2017, 8:23 a.m.
  • Length: 8:22

All games in this series

Show
View Real Time Build Order
Export as new Build Order

Rote Terran 

Build Orders: Banshee Rush 

Get SALT Encoding   

  12  0:00  SCV  
  13  0:12  SCV  
  14  0:17  Supply Depot  
  14  0:25  SCV  
  15  0:38  Refinery  
  15  0:39  SCV  
  16  0:46  Barracks  
  16  0:51  SCV  
  17  1:03  SCV  
  18  1:15  SCV  
  19  1:27  SCV  
  20  1:35  Reaper  
  21  1:40  Command Center  
  21  1:51  Orbital Command  
  21  2:03  Factory  
  21  2:15  Supply Depot  
  21  2:16  Barracks Reactor  
  21  2:18  SCV  
  22  2:23  Refinery  
  22  2:30  SCV  
  22  2:49  Hellion, Barracks Reactor  
  24  2:52  SCV  
  24  2:53  Orbital Command  
  25  3:01  Barracks Reactor  
  25  3:05  SCV, Starport  
  24  3:17  SCV  
  24  3:18  Orbital Command  
  26  3:27  Factory Tech Lab  
  25  3:34  SCV  
  25  3:38  Marine x2  
  28  3:49  SCV  
  28  3:50  SCV  
  30  3:59  Cloaking Field  
  30  4:00  Banshee  
  30  4:01  SCV  
  33  4:04  Hellion x2  
  33  4:06  SCV  
  38  4:12  Supply Depot  
  38  4:13  SCV  
  38  4:15  Barracks Tech Lab  
  39  4:18  SCV  
  35  4:35  Hellion x2  
  38  4:41  SCV  
  38  4:44  Banshee  
  42  4:47  Supply Depot  
  42  4:50  SCV  
  43  4:53  SCV  
  43  4:55  Command Center  
  43  4:57  Stimpack  
  44  5:10  SCV  
  44  5:11  Supply Depot  
  44  5:12  Supply Depot  
  44  5:13  SCV  
  46  5:22  SCV  
  46  5:25  SCV  
  48  5:34  SCV  
  49  5:36  Barracks  
  49  5:38  SCV, Barracks  
  49  5:40  Supply Depot  
  50  5:46  SCV  
  51  5:50  SCV  
  51  5:54  Starport Reactor  
  52  5:58  SCV  
  53  6:05  Marine  
  53  6:08  SCV  
  53  6:09  Orbital Command  
  52  6:23  Marine  
  53  6:27  Barracks Reactor, Marine x2  
  53  6:31  Barracks x2  
  53  6:32  SCV x2, Engineering Bay  
  57  6:33  Engineering Bay, Refinery x2  
  57  6:35  Factory Reactor  
  57  6:42  Marine  
  57  6:44  SCV x2  
  57  6:45  Marine x2  
  57  6:46  SCV  
  63  6:52  Starport Reactor  
  63  6:56  SCV  
  63  6:57  SCV  
  63  6:58  SCV  
  66  7:07  Marine x4  
  70  7:08  SCV  
  70  7:14  Marine  
  69  7:18  Siege Tank  
  66  7:24  SCV x3  
  66  7:25  Marine  
  66  7:28  Marine  
  66  7:29  Marine x2  
  73  7:31  Barracks Reactor x2  
  73  7:32  Marine  
  73  7:33  Medivac  
  73  7:34  Medivac  
  73  7:36  SCV  
  77  7:42  SCV, Marine  
  77  7:43  SCV  
  80  7:46  Marine x2  
  80  7:48  SCV  
  80  7:50  Factory  
Show
View Real Time Build Order
Export as new Build Order

SouLeer Zerg - Winner!

Build Orders: Pool First 

Get SALT Encoding   

  12  0:00  Drone  
  13  0:12  Overlord  
  13  0:17  Drone  
  14  0:30  Drone x2  
  14  0:32  Extractor  
  14  0:34  Drone  
  16  0:48  Spawning Pool  
  15  0:51  Drone  
  15  0:56  Drone  
  17  1:22  Hatchery  
  16  1:26  Drone  
  17  1:35  Zergling x4  
  19  1:45  Queen  
  21  1:51  Metabolic Boost  
  21  1:58  Overlord  
  21  2:06  Drone  
  22  2:18  Drone x2  
  22  2:21  Queen  
  26  2:25  Drone  
  27  2:35  Drone x2  
  29  2:43  Drone  
  30  2:46  Drone  
  31  2:51  Drone  
  31  2:53  Drone x2  
  31  2:57  Overlord  
  34  3:00  Drone  
  34  3:06  Drone  
  34  3:11  Overlord  
  34  3:12  Queen  
  36  3:22  Hatchery, Drone  
  36  3:25  Drone  
  37  3:27  Drone  
  37  3:31  Zergling x4  
  37  3:34  Zergling x4  
  42  3:38  Zergling x4  
  44  3:42  Overlord  
  44  3:44  Zergling x2  
  44  3:48  Drone  
  46  3:53  Drone x2  
  48  4:00  Drone x2  
  48  4:01  Drone  
  51  4:04  Extractor, Drone  
  51  4:07  Queen  
  51  4:09  Baneling Nest  
  52  4:10  Drone  
  52  4:14  Overlord  
  53  4:22  Drone  
  53  4:28  Drone x3  
  53  4:29  Drone  
  55  4:34  Overlord  
  53  4:39  Zergling x6  
  53  4:41  Lair  
  53  4:45  Extractor  
  55  4:47  Zergling x8  
  59  4:53  Spore Crawler  
  59  4:55  Spore Crawler  
  59  4:56  Drone x2  
  59  4:57  Spore Crawler  
  58  5:00  Overlord  
  58  5:03  Zergling x4  
  58  5:05  Drone  
  61  5:09  Drone x2  
  61  5:12  Drone  
  61  5:14  Drone x2  
  66  5:16  Overlord  
  66  5:18  Drone  
  66  5:20  Drone  
  68  5:23  Extractor  
  68  5:26  Drone x2  
  68  5:27  Drone  
  70  5:31  Drone  
  70  5:33  Evolution Chamber, Drone x2  
  72  5:37  Drone  
  72  5:39  Zergling x4  
  75  5:43  Hydralisk Den  
  75  5:45  Overlord  
  75  5:47  Overlord  
  74  5:52  Queen  
  74  5:54  Drone x2  
  78  5:58  Queen  
  78  5:59  Overseer  
  77  6:04  Drone x3  
  79  6:13  Drone x3  
  79  6:14  Drone x3  
  81  6:28  Overlord  
  81  6:30  Hydralisk x5  
  91  6:35  Hydralisk x2  
  91  6:38  Hydralisk  
  97  6:42  Centrifical Hooks  
  97  6:47  Hydralisk  
  97  6:52  Hydralisk x2  
  103  6:57  Hydralisk x2  
  103  6:59  Hydralisk  
  109  7:05  Hydralisk x2  
  111  7:08  Hydralisk  
  111  7:12  Zergling x2  
  111  7:14  Overlord x2  
  114  7:20  Overlord  
  114  7:22  Zergling x2  
  114  7:27  Overlord  
  114  7:32  Overlord  
  114  7:33  Zergling x12  
  114  7:34  Zergling x4  
  122  7:41  Baneling x8  
  122  7:42  Baneling x2  
  122  7:43  Zergling x2  
  123  7:46  Zergling x6  
  123  7:49  Zergling x4  
  128  7:52  Zergling x6  
  128  7:55  Zergling x2  
  128  7:57  Zergling x2  
Tags
 
Add a new tag
Caveats
  • Supply blocks, unpowered buildings, or Contaminate may cause inaccurate times.
  • Supply counts are checked every 10 seconds.